 Dungeon Crawl Stone Soup version 0.31-a0-164-g2312942fda (webtiles) character file.

Game seed: 7311707882444518042

120 qw the Shooter (level 5, -4/49 HPs)
             Began as a Naga Hunter on June 13, 2023.
             Slain by a gnoll sergeant
             ... wielding a +0 spear
              (6 damage)
             ... on level 3 of the Dungeon.
             The game lasted 00:00:36 (1175 turns).

qw the Shooter (Naga Hunter)                        Turns: 1175, Time: 00:00:37

Health: -4/49      AC:  3    Str: 14    XL:     5   Next: 4%
Magic:  0/5        EV:  9    Int:  9    God:
Gold:   59         SH:  0    Dex: 16    Spells: 4/4 levels left

rFire   . . .        Y - +0 shortbow
rCold   . . .        (shield currently unavailable)
rNeg    . . .        c - +0 leather armour
rPois   +            (no helmet)
rElec   .            (no cloak)
rCorr   .            (no gloves)
SInv    +            (no barding)
Will    .....        f - amulet of guardian spirit
Stlth   ++           (no ring)
HPRegen 0.28/turn    (no ring)
MPRegen 0.09/turn

%: guardian spirit
@: short of breath, very slow
A: AC +1, large, see invisible, deformed body, poison resistance, slowness 2,
spit poison 1, naga tail 1
a: Spit Poison


You were on level 3 of the Dungeon.
You visited 1 branch of the dungeon, and saw 3 of its levels.

You collected 59 gold pieces.


Innate Abilities, Weirdness & Mutations

Your serpentine skin is tough. (AC +1)
You have supernaturally acute eyesight. (SInv)
Armour fits poorly on your strangely shaped body.
Your system is resistant to poisons. (rPois)
You cover ground very slowly.
You can spit poison.
You have a snake-like lower body.


   Skills:
 - Level 3.2 Fighting
 + Level 5.0 Ranged Weapons
 - Level 1.5 Dodging
 - Level 1.5 Stealth


You had 4 spell levels left.
You didn't know any spells.
Your spell library was empty.

Inventory:

Hand Weapons
 Y - a +0 shortbow (weapon)
Armour
 c - a +0 leather armour (worn)
Jewellery
 f - an amulet of guardian spirit (around neck)
Scrolls
 a - 2 scrolls of identify

Dungeon Overview and Level Annotations

Branches:
Dungeon (3/15)

Altars:


Message History

The gnoll sergeant barely misses you.
1167 ||| INVOKING Spit Poison.
Aiming: Spit Poison (1% risk of failure)
Press: ? - help, Shift-Dir - straight line, f/p - gnoll sergeant The gnoll sergeant blocks the splash of poison.
The gnoll sergeant hits you from afar with a +0 spear.
You shoot an arrow. The arrow hits the gnoll sergeant.
The gnoll sergeant is moderately wounded.
The gnoll sergeant hits you from afar with a +0 spear.
You shoot an arrow.
The arrow hits the gnoll sergeant but does no damage.
The gnoll sergeant is moderately wounded.
The gnoll sergeant barely misses you.
You shoot an arrow. The gnoll sergeant blocks the arrow.
The gnoll sergeant closely misses you.
You shoot an arrow.
The arrow closely misses the gnoll sergeant.
The arrow hits the gnoll but does no damage.
You have got your breath back.
The gnoll sergeant hits you from afar with a +0 spear!
The gnoll sergeant hits you from afar with a +0 spear.
1172 ||| INVOKING Spit Poison.
Aiming: Spit Poison (1% risk of failure)
Press: ? - help, Shift-Dir - straight line, f/p - gnoll sergeant The splash of poison hits the gnoll sergeant.
The gnoll sergeant is poisoned.
The gnoll sergeant is heavily wounded.
The gnoll sergeant hits you from afar with a +0 spear!
You shoot an arrow.
The arrow hits the gnoll sergeant but does no damage.
The gnoll sergeant is heavily wounded.
The gnoll sergeant barely misses you.
You shoot an arrow. The gnoll sergeant blocks the arrow.
The gnoll sergeant hits you from afar with a +0 spear.
You shoot an arrow.
The arrow completely misses the gnoll sergeant.
The arrow hits the gnoll.
The gnoll is lightly wounded.
The gnoll sergeant hits you from afar with a +0 spear.
You die... ......... ....... . ...... .. gw.. .# ggg

..#
#g##...#
##....#
##.@..#
#<.#.##
#.##.#
...# .#
..>...
.#
#######
##


You could see a gnoll sergeant (poisoned), 4 gnolls and a dart slug.

Vanquished Creatures
  Jessica (D:2)
  Terence (D:2)
  2 adders (D:2)
  An orc (D:3)
  5 ball pythons
  A bat (D:1)
  7 endoplasms
  4 giant cockroaches
  7 goblins
  2 hobgoblins
  4 quokkas (D:2)
  5 frilled lizards
  5 kobolds
  3 rats (D:1)
48 creatures vanquished.

Notes
Turn   | Place    | Note
-------+----------+-------------------------------------------
     0 | D:1      | qw the Naga Hunter began the quest for the Orb.
     0 | D:1      | Reached XP level 1. HP: 19/19 MP: 1/1
     0 | D:1      | 0 ||| qw: Version: 0.2-a-29-gc1b59c4
     0 | D:1      | 0 ||| qw: Game counter: 4568
     0 | D:1      | 0 ||| qw: Always use a shield: true
     0 | D:1      | 0 ||| qw: God list: Okawaru
     0 | D:1      | 0 ||| qw: Allow faded altars: false
     0 | D:1      | 0 ||| qw: Do Orc after D:15 true
     0 | D:1      | 0 ||| qw: Do second Lair branch before Depths: true
     0 | D:1      | 0 ||| qw: Lair rune preference: random
     0 | D:1      | 0 ||| qw: Plans: Normal
     0 | D:1      | 0 ||| PLANNING D:1-11
    78 | D:1      | 78 ||| INVOKING Spit Poison.
    95 | D:1      | 95 ||| INVOKING Spit Poison.
   112 | D:1      | 112 ||| INVOKING Spit Poison.
   113 | D:1      | Reached skill level 4 in Ranged Weapons
   113 | D:1      | Reached XP level 2. HP: 26/26 MP: 2/2
   120 | D:1      | 120 ||| INVOKING Spit Poison.
   136 | D:1      | 136 ||| INVOKING Spit Poison.
   142 | D:1      | 142 ||| INVOKING Spit Poison.
   146 | D:1      | 146 ||| INVOKING Spit Poison.
   164 | D:1      | 164 ||| INVOKING Spit Poison.
   293 | D:1      | 293 ||| INVOKING Spit Poison.
   330 | D:1      | 330 ||| INVOKING Spit Poison.
   396 | D:1      | 396 ||| INVOKING Spit Poison.
   397 | D:1      | Reached XP level 3. HP: 32/32 MP: 3/3
   402 | D:1      | 402 ||| INVOKING Spit Poison.
   583 | D:1      | 583 ||| READING scroll labelled OSOPANT UBYFA.
   584 | D:1      | 584 ||| READING scroll labelled OSCHOD BANUBENI.
   588 | D:1      | 588 ||| DROPPING scroll of butterflies.
   608 | D:2      | 608 ||| INVOKING Spit Poison.
   613 | D:2      | 613 ||| INVOKING Spit Poison.
   639 | D:2      | 639 ||| INVOKING Spit Poison.
   642 | D:2      | 642 ||| INVOKING Spit Poison.
   645 | D:2      | 645 ||| INVOKING Spit Poison.
   684 | D:2      | 684 ||| INVOKING Spit Poison.
   688 | D:2      | 688 ||| INVOKING Spit Poison.
   739 | D:2      | 739 ||| INVOKING Spit Poison.
   743 | D:2      | 743 ||| INVOKING Spit Poison.
   760 | D:2      | 760 ||| INVOKING Spit Poison.
   761 | D:2      | 761 ||| INVOKING Spit Poison.
   766 | D:2      | 766 ||| INVOKING Spit Poison.
   767 | D:2      | Reached skill level 5 in Ranged Weapons
   767 | D:2      | Reached XP level 4. HP: 37/39 MP: 4/4
   783 | D:2      | Noticed Jessica
   784 | D:2      | 784 ||| INVOKING Spit Poison.
   785 | D:2      | Killed Jessica
   794 | D:2      | 794 ||| INVOKING Spit Poison.
   847 | D:2      | 847 ||| INVOKING Spit Poison.
   942 | D:2      | Noticed Terence
   943 | D:2      | 943 ||| INVOKING Spit Poison.
   947 | D:2      | 947 ||| INVOKING Spit Poison.
   952 | D:2      | 952 ||| INVOKING Spit Poison.
   953 | D:2      | Killed Terence
   954 | D:2      | Reached skill level 3 in Fighting
   954 | D:2      | Reached XP level 5. HP: 20/49 MP: 5/5
  1092 | D:2      | 1092 ||| INVOKING Spit Poison.
  1117 | D:2      | 1117 ||| UPGRADING to amulet of guardian spirit.
  1122 | D:2      | 1122 ||| READING scroll labelled KOICAM DIJE.
  1123 | D:2      | 1123 ||| READING scroll labelled ATOCUO COLLUZE.
  1124 | D:2      | 1124 ||| READING scroll labelled YTUTOM DUJIJIRUE.
  1125 | D:2      | 1125 ||| READING 3 scrolls of identify.
  1125 | D:2      | 1125 ||| IDENTIFYING green potion
  1126 | D:2      | 1126 ||| DROPPING potion of attraction.
  1157 | D:3      | 1157 ||| INVOKING Spit Poison.
  1161 | D:3      | 1161 ||| INVOKING Spit Poison.
  1167 | D:3      | 1167 ||| INVOKING Spit Poison.
  1171 | D:3      | HP: 11/49 [gnoll sergeant/+0 spear (2)]
  1172 | D:3      | 1172 ||| INVOKING Spit Poison.
  1174 | D:3      | HP: 1/49 [gnoll sergeant/+0 spear (5)]
  1175 | D:3      | Slain by a gnoll sergeant

Levels and vault maps discovered:
D:1:      dpeg_arrival_connections, layout_basic
D:2:      layout_rooms, uniq_terence, uniq_jessica
D:3:      layout_rooms, nemelex_diamond_rough_becter, serial_aquarium,
          aquarium_bridge_island_small [aquarium_subvault_small_open,
          aquarium_subvault_bridge, aquarium_subvault_bridge,
          aquarium_subvault_wall, aquarium_subvault_wall],
          aquarium_bridge_square [aquarium_subvault_wall,
          aquarium_subvault_wall, aquarium_subvault_bridge,
          aquarium_subvault_wall], aquarium_window_fake, aquarium_window_fake,
          aquarium_window_corner, aquarium_window_fake, aquarium_view_2d,
          aquarium_pool_2, chequers_avenue, grunt_ministairs_8,
          minmay_pentangle, uniq_sigmund

Skill      XL: |  1  2  3  4 |
---------------+-------------+-----
Ranged Weapons | 4 5 |  5.0
Fighting       | 3 |  3.2
Dodging        | |  1.5
Stealth        | |  1.5

Action                     |  1- 3 |  4- 6 || total
---------------------------+-------+-------++-------
   Fire: Shortbow          |    75 |    34 ||   109
Ability: Spit Poison       |    23 |    11 ||    34
    Use: Scroll            |     2 |     4 ||     6
 Armour: Leather armour    |     4 |     1 ||     5
  Dodge: Dodged            |    12 |    10 ||    22

Table legend:
 A = Non-vault XP
 B = Vault XP
 C = Vault XP percentage of total XP
 D = Non-vault monster count
 E = Vault monster count
 F = Vault count percentage of total count
                 A         B        C        D         E       F
            +---------+---------+-------+---------+---------+-------
      Total |      99 |      73 |  42.4 |      46 |       2 |   4.2
            +---------+---------+-------+---------+---------+-------
        D:1 |      40 |       0 |   0.0 |      25 |       0 |   0.0
        D:2 |      56 |      73 |  56.6 |      20 |       2 |   9.1
        D:3 |       3 |       0 |   0.0 |       1 |       0 |   0.0
            +---------+---------+-------+---------+---------+-------
